 Dungeon Crawl Stone Soup version 0.29.1-1-gd02db6906a (webtiles) character file.

Game seed: 6607881927191194658

65 Colgate the Chiller (level 4, 0/30 HPs)
             Began as a Barachi Ice Elementalist on Oct 9, 2022.
             Was a Follower of Nemelex Xobeh.
             Slain by Grinder (6 damage)
             ... on level 3 of the Dungeon.
             The game lasted 00:04:38 (1801 turns).

Colgate the Chiller (Barachi Ice Elementalist)      Turns: 1801, Time: 00:04:38

Health: 0/30       AC:  4    Str:  9    XL:     4   Next: 13%
Magic:  2/7        EV: 12    Int: 17    God:    Nemelex Xobeh [*.....]
Gold:   126        SH:  0    Dex: 13    Spells: 3/7 levels left

rFire   . . .      SeeInvis .   a - +0 quarterstaff
rCold   . . .      Faith    .   (shield currently unavailable)
rNeg    . . .      Spirit   .   d - +0 robe
rPois   .          Reflect  .   f - +0 helmet
rElec   .          Harm     .   (no cloak)
rCorr   .          Rampage  .   o - +0 pair of gloves
Will    .....                   (no boots)
Stlth   ++........              (no amulet)
HPRegen 0.10/turn               (no ring)
MPRegen 0.10/turn               (no ring)

@: slow
A: amphibious, slowness 1, strong legs 1, +LOS
a: Hop, Renounce Religion, Draw Escape, Draw Destruction, Draw Summoning


You were on level 3 of the Dungeon.
You worshipped Nemelex Xobeh.
Nemelex Xobeh was aware of your devotion.
You visited 1 branch of the dungeon, and saw 3 of its levels.

You collected 126 gold pieces.

Inventory:

Hand Weapons
 a - a +0 quarterstaff (weapon)
Armour
 d - a +0 robe (worn)
 f - a +0 helmet (worn)
 o - a +0 pair of gloves (worn)
Jewellery
 m - a ring of positive energy
 n - a ring of protection from fire
Scrolls
 c - a scroll of poison {unknown}
 k - a scroll of noise {unknown}
 l - a scroll of butterflies {unknown}
Potions
 b - a potion of magic
 e - a potion of lignification {unknown}
 g - 3 potions of curing {@q1}
 h - 2 potions of invisibility {unknown}
 i - a potion of heal wounds {unknown}
 j - a potion of attraction {unknown}


   Skills:
 - Level 2.1 Dodging
 - Level 1.7 Stealth
 - Level 2.1 Spellcasting
 + Level 6.7 Ice Magic


You had 3 spell levels left.
You knew the following spells:

 Your Spells              Type           Power      Damage    Failure   Level
a - Freeze                Ice            96%        1d11      1%          1
b - Frozen Ramparts       Ice            48%        1d8       3%          3

Your spell library contained the following spells:

 Spells                   Type           Power      Damage    Failure   Level
 Ozocubu's Armour         Ice            24%        N/A       3%          3
 Inner Flame              Hex/Fire       1%         N/A       50%         3
 Hailstorm                Conj/Ice       13%        3d5       43%         4
 Cause Fear               Hex            0%         N/A       88%         4
 Discord                  Hex            0%         N/A       100%        8


Dungeon Overview and Level Annotations

Branches:
Dungeon (3/15)

Altars:
Nemelex Xobeh

Annotations:
D:3 Grinder


Innate Abilities, Weirdness & Mutations

You are amphibious.
You cover ground slowly.
You can hop short distances.
You have an extended range of vision and can be seen from far away.


Message History

Grinder blinks!
You can move again.
Grinder completely resists.
The wall freezes Grinder but does no damage.
The wall freezes Grinder but does no damage.
Casting: Frozen Ramparts (dangerous; 3% risk of failure)
Aiming: Freeze (safe; 1% risk of failure)
Aim: Grinder You freeze Grinder but do no damage.
Grinder completely resists.
The frozen ramparts melt away.
Grinder barely misses you.
Casting: Freeze (safe; 1% risk of failure)
Casting: Frozen Ramparts (dangerous; 3% risk of failure)
The walls around you are covered in ice.
Grinder completely resists.
The wall freezes Grinder but does no damage.
Grinder hits you but does no damage.
You barely miss Grinder.
The wall freezes Grinder but does no damage.
Grinder barely misses you.
Grinder completely resists.
The wall freezes Grinder but does no damage.
Grinder closely misses you.
You hit Grinder but do no damage.
The wall freezes Grinder but does no damage.
Grinder hits you!
You writhe in agony.
You are too injured to fight recklessly!
You closely miss Grinder.
Grinder completely resists.
The wall freezes Grinder but does no damage.
Grinder barely misses you.
You hit Grinder.
Grinder completely resists.
The wall freezes Grinder but does no damage.
Grinder closely misses you.
Grinder resists.
The wall freezes Grinder.
Grinder hits you.
You writhe in agony.
* * * LOW HITPOINT WARNING * * *
You hit Grinder.
Grinder resists.
The wall freezes Grinder.
Grinder hits you but does no damage.
You barely miss Grinder.
The frozen ramparts melt away.
Grinder hits you.
* * * LOW HITPOINT WARNING * * *
You writhe in agony.
You die...
Your body disappears without a glow.

#......##
#..#...( ......
#.... #..# ###..#
#.##<...#
#....#..#########
####....@5.......
##..#####.####
#..# #..# ...#
##.## #.# #. #.


You could see Grinder.

Vanquished Creatures
  3 gnolls (D:2)
  A worm (D:2)
  2 dart slugs (D:2)
  A ball python (D:2)
  5 bats
  2 endoplasms (D:2)
  A giant cockroach (D:2)
  A goblin (D:2)
  3 hobgoblins (D:2)
  A jackal (D:2)
  A quokka (D:2)
  A frilled lizard (D:2)
  4 kobolds
  A rat (D:1)
27 creatures vanquished.

Notes
Turn   | Place    | Note
-------+----------+-------------------------------------------
     0 | D:1      | Colgate the Barachi Ice Elementalist began the quest for
                  | the Orb.
     0 | D:1      | Reached XP level 1. HP: 13/13 MP: 3/3
    78 | D:1      | Reached skill level 5 in Ice Magic
   259 | D:1      | Found a faded altar of an unknown god.
   271 | D:1      | Prayed at the altar of an unknown god.
   271 | D:1      | Became a worshipper of Nemelex Xobeh the Trickster
   271 | D:1      | Reached * piety under Nemelex Xobeh
   464 | D:2      | Received a gift from Nemelex Xobeh
   607 | D:2      | Reached XP level 2. HP: 19/19 MP: 1/5
   793 | D:2      | Reached skill level 6 in Ice Magic
   793 | D:2      | Reached XP level 3. HP: 6/24 MP: 0/6
   797 | D:2      | Learned a level 3 spell: Frozen Ramparts
  1596 | D:2      | Reached XP level 4. HP: 30/30 MP: 5/7
  1781 | D:3      | Noticed Grinder
  1787 | D:3      | Paralysed by Grinder for 5 turns
  1801 | D:3      | Slain by Grinder

Illustrated notes

Levels and vault maps discovered:
D:1:      dpeg_arrival_orchard, layout_rooms, shapermc_ecumenical_altar_pompeii
D:2:      layout_basic, dk_vineyard_3, grunt_ministairs_1,
          kennysheep_flooded_box, minmay_tetromino_t4
D:3:      layout_loops_ring, uniq_natasha, uniq_grinder

Skill      XL: |  1  2 |
---------------+-------+-----
Ice Magic      | 5 6 |  6.7
Dodging        | |  2.1
Stealth        | |  1.7
Spellcasting   | |  2.1

Action                   |  1- 3 |  4- 6 || total
-------------------------+-------+-------++-------
Melee: Quarterstaff      |     9 |     7 ||    16
 Cast: Freeze            |    29 |     5 ||    34
       Frozen Ramparts   |     3 |     3 ||     6
 Abil: Hop               |     2 |       ||     2
Armor: Robe              |    12 |     4 ||    16
Dodge: Dodged            |    14 |     8 ||    22
